 Dungeon Sprint DCSS version 0.31-a0-325-g067879e3d3 (webtiles) character file.

Game seed: 3249599743809673193

1130 Conn the Arsonist (level 8, -11/48 HPs)
             Began as an Octopode Fire Elementalist on July 18, 2023.
             Was a Follower of Sif Muna.
             Mangled by Snorg (12 damage)
             ... in the Dungeon (Sprint III: "The Ten Rune Challenge").
             The game lasted 00:07:24 (752 turns).

Conn the Arsonist (Octopode Fire Elementalist)       Turns: 752, Time: 00:07:25

Health: -11/48     AC:  1    Str:  7    XL:     8   Next: 36%
Magic:  12/22      EV: 15    Int: 19    God:    Sif Muna [*.....]
Gold:   52         SH:  0    Dex: 13    Spells: 17/27 levels left

rFire   . . .        f - +0 long sword (holy)
rCold   . . .        (no shield)
rNeg    . . .        (helmet restricted)
rPois   +            (no amulet)
rElec   .            (no ring)
rCorr   .            (no ring)
SInv    .            (no ring)
Will    .....        (no ring)
Stlth   ++++         (no ring)
HPRegen 0.28/turn    (no ring)
MPRegen 0.18/turn    (no ring)
                     (no ring)

%: no teleportation
@: hasted, very quick
A: almost no armour, amphibious, 8 rings, camouflage 1, gelatinous body 1,
(nimble swimmer 1), tentacles, poison resistance
a: Renounce Religion, Channel Magic


You were in the Dungeon.
You worshipped Sif Muna.
Sif Muna was aware of your devotion.
You visited 1 branch You collected 52 gold pieces.

Inventory:

Hand Weapons
 e - a +2 quarterstaff of chaos
 f - a +0 long sword of holy wrath (weapon)
Scrolls
 g - 3 scrolls of identify
 h - a scroll of fog {unknown}
 j - 2 scrolls of poison {unknown}
 m - a scroll of amnesia {unknown}
Potions
 a - 2 potions of magic
 b - 4 potions of curing
 i - a potion of mutation
 k - a potion of berserk rage
 l - a potion of enlightenment {unknown}


   Skills:
 + Level 1.6 Fighting
 + Level 5.1 Dodging
 + Level 6.1 Stealth
 + Level 2.5 Unarmed Combat
 + Level 10.4 Spellcasting
 + Level 2.9 Conjurations
 + Level 1.7 Hexes
 + Level 12.1 Fire Magic


You had 17 spell levels left.
You knew the following spells:

 Your Spells              Type           Power      Damage    Failure   Level
a - Foxfire               Conj/Fire      100%       2x1d9     1%          1
b - Scorch                Fire           100%       2d9       1%          2
c - Inner Flame           Hex/Fire       36%        N/A       1%          3
d - Flame Wave            Conj/Fire      38%        2d10      3%          4

Your spell library contained the following spells:

 Spells                   Type           Power      Damage    Failure   Level
 Volatile Blastmotes      Fire/Tloc      66%        2d15      1%          3
 Yara's Violent Unravell  Hex/Tmut       6%         3d5       80%         5
 Enfeeble                 Hex            8%         N/A       100%        7


Dungeon Overview and Level Annotations

Branches:
Dungeon (1/1)

Altars:
Cheibriados
Dithmenos
Elyvilon
Fedhas
Gozag
Hepliaklqana
Kikubaaqudgha
Makhleb
Nemelex Xobeh
Okawaru
Qazlal
Ru
Sif Muna
Trog
Uskayaw
Vehumet
Wu Jian
Xom
Yredelemnul
Zin
The Shining One
Jiyva
Lugonu

Annotations:
D Snorg


Innate Abilities, Weirdness & Mutations

You cannot wear most types of armour.
You are amphibious.
You can wear up to eight rings at the same time.
Your skin changes colour to match your surroundings (Stealth+).
Your rubbery body absorbs attacks. (AC +1, EV +1)
((You are camouflaged when in or above water. (Stealth+)))
You have tentacles for arms and can constrict up to eight enemies at once.
Your system is resistant to poisons. (rPois)


Message History

Flames lash Snorg.
Flame seeps out of Snorg.
Snorg is lightly wounded.
Snorg's fire resistance burns away.
Unknown command.
Casting: Scorch (safe; 1% risk of failure)
Confirm with . or Enter, or press ? or * to list all spells.
Flames lash Snorg.
Snorg is burned terribly!
Flame seeps out of Snorg.
Snorg is moderately wounded.
Unknown command.
Casting: Scorch (safe; 1% risk of failure)
Confirm with . or Enter, or press ? or * to list all spells.
Flames lash Snorg.
Snorg is burned terribly!
Flame seeps out of Snorg.
Snorg is heavily wounded.
Unknown command.
Casting: Scorch (safe; 1% risk of failure)
Confirm with . or Enter, or press ? or * to list all spells.
Flames lash Snorg.
Snorg is burned terribly!
Flame seeps out of Snorg.
Snorg is severely wounded.
Snorg goes berserk!
Unknown command.
Unknown command.
Unknown command.
You hear a shout!
There is an open door here.
Snorg attacks as you move away! Snorg bites you! Snorg claws you! x2
* * * LOW HITPOINT WARNING * * *
Okay, then.
Unknown command.
Unknown command.
Okay, then.
Casting: Scorch (safe; 1% risk of failure)
Confirm with . or Enter, or press ? or * to list all spells.
Okay, then.
Unknown command.
Okay, then.
You feel much better. Snorg bites you!!
Ouch! That really hurt!
* * * LOW HITPOINT WARNING * * *
Snorg closely misses you. Snorg claws you!
You die...

####..#___#___#__#
#..#..#...#__.#._#
#..#..###'#'###'##
##'#..#....).....#
###...'.⌠........#
###...#...######'#
##....#.⌠.#__#...#+#####
#.....#...#v_#...#.§§§~+
..[...#)###__#..@#.#§§~#
#.....#...#__#...T.#§§§#
##....#___#__+...#.#.§.#
▓▓▓▓▓▓▓▓▓▓▓▓▓▓▓▓▓▓▓▓▓▓▓


You could see Snorg (berserk, inner flame, combustible).

Vanquished Creatures
  A deep elf pyromancer (D)
  A shadow (D)
  A water elemental (D)
  A necrophage (D)
  A jelly (D)
  Crazy Yiuf (D)
  A wizard (D)
  A necromancer (D)
  3 humans (D)
  A kobold demonologist (D)
  An endoplasm (D)
  3 rats (D)
16 creatures vanquished.

Vanquished Creatures (others)
  19 foxfires (D)
19 creatures vanquished.

Grand Total: 35 creatures vanquished

Notes
Turn   | Place    | Note
-------+----------+-------------------------------------------
     0 | D        | Conn the Octopode Fire Elementalist began the quest for the
                  | Orb.
     0 | D        | Reached XP level 1. HP: 11/11 MP: 3/3
    94 | D        | Noticed Crazy Yiuf
   112 | D        | Reached skill level 4 in Fire Magic
   112 | D        | Reached XP level 2. HP: 4/17 MP: 0/5
   152 | D        | Learned a level 2 spell: Scorch
   177 | D        | Killed Crazy Yiuf
   178 | D        | Reached skill level 5 in Fire Magic
   178 | D        | Reached XP level 3. HP: 21/21 MP: 1/8
   202 | D        | Gained mutation: Your system is resistant to poisons.
                  | (rPois) [potion of mutation]
   209 | D        | Learned a level 3 spell: Inner Flame
   241 | D        | Noticed a water elemental
   243 | D        | Killed a water elemental
   244 | D        | Reached skill level 1 in Unarmed Combat
   244 | D        | Reached skill level 7 in Fire Magic
   244 | D        | Reached XP level 4. HP: 27/27 MP: 5/10
   297 | D        | Found a hide-covered altar of Uskayaw.
   297 | D        | Found a bloodstained altar of Trog.
   297 | D        | Found an ornate altar of the Wu Jian Council.
   298 | D        | Noticed a human
   298 | D        | Noticed a human
   302 | D        | Found an iron altar of Okawaru.
   305 | D        | Killed a human
   306 | D        | Reached skill level 5 in Stealth
   306 | D        | Reached skill level 8 in Fire Magic
   306 | D        | Reached XP level 5. HP: 21/32 MP: 8/13
   306 | D        | Reached XP level 6. HP: 24/37 MP: 9/15
   311 | D        | Killed a human
   312 | D        | Reached skill level 1 in Fighting
   312 | D        | Reached skill level 10 in Fire Magic
   420 | D        | Learned a level 4 spell: Flame Wave
   424 | D        | Found a radiant altar of Vehumet.
   424 | D        | Found a shimmering blue altar of Sif Muna.
   424 | D        | Found an ancient bone altar of Kikubaaqudgha.
   430 | D        | Reached XP level 7. HP: 41/43 MP: 6/18
   435 | D        | Became a worshipper of Sif Muna the Loreminder
   501 | D        | Found a glowing silver altar of Zin.
   501 | D        | Found a glowing golden altar of the Shining One.
   501 | D        | Found a white marble altar of Elyvilon.
   501 | D        | Noticed a deep elf pyromancer
   505 | D        | Killed a deep elf pyromancer
   506 | D        | Reached skill level 5 in Dodging
   506 | D        | Reached skill level 1 in Hexes
   506 | D        | Reached skill level 11 in Fire Magic
   506 | D        | Reached XP level 8. HP: 33/48 MP: 11/21
   576 | D        | Found a basalt altar of Yredelemnul.
   576 | D        | Found a shadowy altar of Dithmenos.
   576 | D        | Found a sacrificial altar of Ru.
   579 | D        | Reached * piety under Sif Muna
   612 | D        | Noticed a shadow
   617 | D        | Killed a shadow
   618 | D        | Reached skill level 10 in Spellcasting
   618 | D        | Reached skill level 12 in Fire Magic
   722 | D        | Found a blossoming altar of Fedhas.
   722 | D        | Found a stormy altar of Qazlal.
   723 | D        | Found a snail-covered altar of Cheibriados.
   723 | D        | Found a burning altar of Makhleb.
   723 | D        | Found a shimmering altar of Xom.
   724 | D        | Found a hazy altar of Hepliaklqana.
   724 | D        | Found an opulent altar of Gozag.
   724 | D        | Found a sparkling altar of Nemelex Xobeh.
   724 | D        | Found a corrupted altar of Lugonu.
   724 | D        | Found a viscous altar of Jiyva.
   740 | D        | Noticed Snorg
   752 | D        | HP: 1/48 [Snorg (27)]
   752 | D        | Mangled by Snorg

Illustrated notes

Levels and vault maps discovered:
D:        dungeon_sprint_mu [sprint_mu_entry_cave, sprint_mu_temple_rooms,
          sprint_mu_d1_horrors, sprint_mu_d2_genie, sprint_mu_d3_branching,
          sprint_mu_orc_legion, sprint_mu_elf_gauntlet, sprint_mu_hive_nellie,
          sprint_mu_lair_fedhas, sprint_mu_vaults_butterflies,
          sprint_mu_slime_circle, sprint_mu_swamp_cave, sprint_mu_snake_twists,
          sprint_mu_blade_basic, sprint_mu_crypt_fortress,
          sprint_mu_tomb_spiral, sprint_mu_vestibule_basic,
          sprint_mu_gehenna_hellfire, sprint_mu_dis_giant,
          sprint_mu_tartarus_statrot, sprint_mu_cocytus_islands, sprint_mu_zot1]

Skill      XL: |  1  2  3  4  5  6  7  8 |
---------------+-------------------------+-----
Stealth        | 3 4 5 6 |  6.1
Fire Magic     | 4 5 7 8 10 11 12 | 12.1
Dodging        | 3 4 5 |  5.1
Spellcasting   | 3 4 6 7 9 10 | 10.4
Unarmed Combat | 1 2 |  2.5
Conjurations   | 2 |  2.9
Fighting       | 1 |  1.6
Hexes          | 1 |  1.7

Action                     |  1- 3 |  4- 6 |  7- 9 || total
---------------------------+-------+-------+-------++-------
  Melee: Unarmed           |     5 |       |       ||     5
         Constrict         |     1 |       |       ||     1
         Tentacles         |     1 |       |       ||     1
   Cast: Foxfire           |     8 |       |     2 ||    10
         Scorch            |     4 |    14 |    11 ||    29
         Inner Flame       |       |     1 |     2 ||     3
         Flame Wave        |       |       |     1 ||     1
    Use: Potion            |     2 |     2 |     2 ||     6
         Scroll            |       |     1 |       ||     1
 Armour: Skin              |       |       |     1 ||     1
  Dodge: Dodged            |     3 |     5 |     2 ||    10

Table legend: (Time is in decaauts)
 A = Elapsed time spent in this place.
 B = Non-inter-level travel time spent in this place.
 C = Inter-level travel time spent in this place.
 D = Time resting spent in this place.
 E = Time spent auto-exploring this place.
 F = Levels seen in this place.
 G = Mean time per level.
                   A        B        C        D        E       F      G
               +--------+--------+--------+--------+--------+-----+--------+
         Total |    758 |    758 |      0 |    479 |      0 |   1 |  758.0 |
       Dungeon |    758 |    758 |      0 |    479 |      0 |   1 |  758.0 |
               +--------+--------+--------+--------+--------+-----+--------+

Top non-repeatable levels by time:
       D: 758 daAuts
